 Dungeon Crawl Stone Soup version 0.30.0-29-ga12c61a403 (webtiles) character file.

Game seed: 13972232324445774806

215 cheesebisquit the Grave Robber (level 5, -3/45 HPs)
             Began as a Hill Orc Necromancer on June 23, 2023.
             Killed from afar by an orc wizard (7 damage)
             ... with a magic dart
             ... on level 3 of the Dungeon.
             The game lasted 00:12:26 (3471 turns).

cheesebisquit the Grave Robber (HONe)               Turns: 3471, Time: 00:12:27

Health: -3/45      AC:  4    Str: 19    XL:     5   Next: 92%
Magic:  0/9        EV: 12    Int: 15    God:
Gold:   185        SH:  0    Dex: 11    Spells: 1/9 levels left

rFire   . . .        p - +4 club
rCold   . . .        (no shield)
rNeg    . . .        a - +0 robe
rPois   .            q - +0 helmet
rElec   .            (no cloak)
rCorr   .            (no gloves)
SInv    .            j - +0 pair of boots
Will    .....        (no amulet)
Stlth   +            n - +6 ring of strength
HPRegen 0.27/turn    (no ring)
MPRegen 0.11/turn

%: no passive effects
@: confused, mighty, lethally poisoned (-3 -> -24)
A: no striking features
a: no special abilities


You were on level 3 of the Dungeon.
You visited 1 branch of the dungeon, and saw 3 of its levels.

You collected 185 gold pieces.

Inventory:

Hand Weapons
 p - a +4 club (weapon)
Missiles
 c - 11 poisoned darts
 s - a boomerang
Armour
 a - a +0 robe (worn)
 i - a +0 chain mail
 j - a +0 pair of boots (worn)
 m - a +0 ring mail
 q - a +0 helmet (worn)
Jewellery
 n - a +6 ring of strength (left hand)
Wands
 e - a wand of polymorph (6)
Scrolls
 d - a scroll of teleportation
 h - a scroll of enchant armour {unknown}
 o - 2 scrolls of blinking {unknown}
Potions
 f - a potion of mutation {unknown}
 k - 2 potions of degeneration
 l - 2 potions of flight
 r - a potion of curing {unknown}
 t - 2 potions of haste {unknown}


   Skills:
 + Level 3.5 Fighting
 - Level 1.5 Dodging
 - Level 1.5 Stealth
 + Level 2.8 Spellcasting
 + Level 5.2 Necromancy


You had one spell level left.
You knew the following spells:

 Your Spells              Type           Power      Damage    Failure   Level
a - Necrotise             Necr           68%        1d7       2%          1
b - Vampiric Draining     Necr           17%        2d7       7%          3
c - Animate Dead          Necr           17%        N/A       24%         4

Your spell library contained the following spells:

 Spells                   Type           Power      Damage    Failure   Level
 Apportation              Tloc           4%         N/A       21%         1
 Summon Small Mammal      Summ           8%         N/A       21%         1
 Agony                    Necr           17%        N/A       54%         5


Dungeon Overview and Level Annotations

Branches:
Dungeon (3/15)

Altars:
Dithmenos
Hepliaklqana
Qazlal
Trog

Annotations:
D:3 1 runed translucent door, GloriousHammer's ghost, amateur HOMo


Message History

You feel very sick. The orc hits you with a +0 flail!
Something hits you but does no damage.
You are lethally poisoned!
Aiming: Necrotise (safe; 2% risk of failure)
Press: ? - help, Q - select action, (/) - cycle Shift-Dir - straight line, f/p - orc
Aim: an orc, wielding a +0 flail (heavily wounded, chance to affect: 87%)
The orc barely resists.
* * * LOW HITPOINT WARNING * * *
You feel very sick. The orc barely misses you. Something hits you.
* * * LOW HITPOINT WARNING * * *
You are more poisoned.
You feel much better.
You feel extremely sick. The orc hits you with a +0 flail.
Something hits you but does no damage.
You are lethally poisoned!
Aiming: Necrotise (safe; 2% risk of failure)
Press: ? - help, Q - select action, (/) - cycle Shift-Dir - straight line, f/p - orc
Aim: an orc, wielding a +0 flail (heavily wounded, chance to affect: 87%)
The orc writhes in agony!
You kill the orc!
The dead are walking!
You feel extremely sick. Something hits you but does no damage.
You are more poisoned.
You feel very mighty all of a sudden.
* * * LOW HITPOINT WARNING * * *
You feel extremely sick. The orc hits you but does no damage.
You hear some strange, mumbled words.
You are confused.
You bump into the granite statue.
* * * LOW HITPOINT WARNING * * *
You feel very sick. The orc hits you with a +0 whip.
* * * LOW HITPOINT WARNING * * *
You hear some strange, mumbled words.
A magic dart appears from out of thin air!
The magic dart hits you!
You die...

# ##+####### ##.#@..#.##.#
#_.o{8.'....# # ##Z#...#.##.#
# #########'####..### #
#...####...##.....#
##########...#.##_##......##
.........##..#.#########...##
#........#......## #.#..#
#..........##....# #.##>##


You could see an orc (ally target) and a friendly orc skeleton.

Vanquished Creatures
  Terence (D:2)
  Robin (D:2)
  5 adders
  2 river rats (D:3)
  An ufetubus (D:2)
  A worm (D:3)
  A dart slug (D:3)
  3 orcs (D:3)
  4 endoplasms
  3 giant cockroaches
  13 goblins
  10 hobgoblins
  10 jackals
  7 ball pythons
  8 bats
  6 frilled lizards
  9 kobolds
  10 rats
95 creatures vanquished.

Vanquished Creatures (collateral kills)
  A giant cockroach (D:3)
  A bat (D:1)
  A frilled lizard (D:1)
  A kobold (D:3)
  2 rats
6 creatures vanquished.

Grand Total: 101 creatures vanquished

Notes
Turn   | Place    | Note
-------+----------+-------------------------------------------
     0 | D:1      | cheesebisquit the Hill Orc Necromancer began the quest for
                  | the Orb.
     0 | D:1      | Reached XP level 1. HP: 14/14 MP: 3/3
   147 | D:1      | Reached skill level 1 in Fighting
   147 | D:1      | Reached XP level 2. HP: 23/23 MP: 2/4
   676 | D:1      | Reached XP level 3. HP: 28/28 MP: 4/6
  1149 | D:2      | Reached XP level 4. HP: 33/36 MP: 4/7
  1232 | D:2      | Found a bloodstained altar of Trog.
  1271 | D:2      | Noticed Robin
  1289 | D:2      | Killed Robin
  1295 | D:2      | HP: 1/37 [hobgoblin[Robin] (5)]
  1995 | D:3      | Found a runed translucent door.
  1995 | D:3      | Noticed GloriousHammer's ghost (amateur HOMo)
  2132 | D:2      | Reached XP level 5. HP: 44/44 MP: 4/8
  2435 | D:2      | Noticed Terence
  2471 | D:2      | Killed Terence
  2472 | D:2      | Reached skill level 5 in Necromancy
  2554 | D:2      | Learned a level 3 spell: Vampiric Draining
  2559 | D:2      | Learned a level 4 spell: Animate Dead
  2886 | D:3      | Found a shadowy altar of Dithmenos.
  3209 | D:3      | Found a faded altar of an unknown god.
  3446 | D:3      | Found a hazy altar of Hepliaklqana.
  3449 | D:3      | Found a stormy altar of Qazlal.
  3458 | D:3      | HP: 1/45 [something/puff of flame (9)]
  3471 | D:3      | Killed from afar by an orc wizard

Illustrated notes

Levels and vault maps discovered:
D:1:      dpeg_arrival_tiny_i, layout_basic, minmay_octomino_e4
D:2:      layout_basic, basic_altar, uniq_robin, uniq_terence
D:3:      layout_rooms, mainiacjoe_overflow_brackets,
          grunt_temple_overflow_diamond,
          shapermc_ecumenical_altar_mp_urbaneastern, gammafunk_ghost_grave,
          portal_sewer_entry_b

Skill      XL: |  1  2  3  4  5 |
---------------+----------------+-----
Fighting       | 1 2 3 |  3.5
Spellcasting   | 2 |  2.8
Necromancy     | 5 |  5.2
Dodging        | |  1.5
Stealth        | |  1.5

Action                     |  1- 3 |  4- 6 || total
---------------------------+-------+-------++-------
  Melee: Unarmed           |    16 |     1 ||    17
         Club              |       |    25 ||    25
   Fire: Sling             |    57 |    23 ||    80
   Cast: Necrotise         |    48 |   112 ||   160
    Use: Potion            |     1 |     6 ||     7
         Scroll            |       |     5 ||     5
   Stab: Sleeping          |       |     1 ||     1
 Armour: Robe              |    21 |    49 ||    70
         Skin              |       |     1 ||     1
  Dodge: Dodged            |    61 |    90 ||   151
